 Dungeon Crawl Stone Soup version 0.23.2-33-g5129a83184 (webtiles) character file.

Game seed: 17630344875031032837

310 AarnesTheHuman the Skirmisher (level 6, -7/51 HPs)
             Began as a Barachi Fighter on Aug 7, 2019.
             Killed by nerve-wracking pain
             ... invoked by an orc priest
              (11 damage)
             ... on level 4 of the Dungeon.
             The game lasted 00:05:06 (2542 turns).

AarnesTheHuman the Skirmisher (Barachi Fighter)     Turns: 2542, Time: 00:05:07

Health: -7/51      AC:  7    Str: 24    XL:     6   Next: 41%
Magic:  6/6        EV:  7    Int:  8    God:
Gold:   187        SH: 10    Dex: 12    Spells: 5/5 levels left

rFire    . . .     SeeInvis .   a - +0 long sword
rCold    . . .     Gourm    .   c - +0 shield
rNeg     . . .     Faith    .   b - +0 scale mail
rPois    .         Spirit   .   (no helmet)
rElec    .         Reflect  .   (no cloak)
rCorr    .         Harm     .   (no gloves)
MR       .....                  (no boots)
Stlth    ..........             (no amulet)
HPRegen  0.17/turn              (no ring)
MPRegen  0.10/turn              (no ring)

@: mighty, slowed, very slow
A: +LOS, swims, slowness 1, strong legs 1
a: Hop


You were on level 4 of the Dungeon.
You were not hungry.

You visited 1 branch of the dungeon, and saw 4 of its levels.

You collected 187 gold pieces.

Inventory:

Hand Weapons
 a - a +0 long sword (weapon)
Armour
 b - a +0 scale mail (worn)
 c - a +0 shield (worn)
 l - a cursed +0 leather armour
Scrolls
 e - 4 scrolls of remove curse {unknown}
 h - 2 scrolls of identify {unknown}
 i - a scroll of blinking {unknown}
 j - a scroll of amnesia {unknown}
 k - 2 scrolls of teleportation {unknown}
 q - a scroll of fear {unknown}
 r - a scroll of immolation {unknown}
Potions
 g - 3 potions of haste {unknown}
 m - a potion of agility {unknown}
 n - a potion of ambrosia {unknown}
 o - a potion of curing
 p - 2 potions of lignification {unknown}
Comestibles
 f - 3 rations
 s - 3 chunks of flesh


   Skills:
 + Level 5.2 Fighting
 + Level 4.4 Long Blades
 + Level 5.2 Armour
 + Level 4.7 Shields


You had 5 spell levels left.
You didn't know any spells.
Your spell library was empty.

Dungeon Overview and Level Annotations

Branches:
Dungeon (4/15)
 Temple: D:4-7

Altars:
Qazlal

Annotations:
D:3 Grinder


Innate Abilities, Weirdness & Mutations

Shadows flee at your approach. (+LOS)
You can swim through water.
You cover ground slowly.
You can hop short distances.


Message History

The orc barely misses you. You block the orc's attack.
The orc wizard casts a spell at you. The magic dart hits you.
You feel very mighty all of a sudden.
The orc wizard mumbles some strange words.
The orc wizard blinks!
You block the orc's attack.
The orc priest calls down the wrath of Beogh upon you.
Beogh smites you! The orc hits you but does no damage.
The orc wizard casts a spell.
The orc wizard blinks!
You barely miss the orc priest. You block the orc priest's attack.
The orc priest mumbles some strange prayers to Beogh against you.
Pain shoots through your body!
* * * LOW HITPOINT WARNING * * *
The orc wizard casts a spell.
The orc wizard blinks!
The orc priest hits you but does no damage.
The orc priest invokes the aid of Beogh against you.
Pain shoots through your body!
You die...

#...o....... ###.. #...
.......# #.... ##...
......###.... .%..
.......#.... #..#
#.....#.... +######..#
#.[........ ......?..#
#........#.
.......oo######.....)..#.
.....>.o@o..........####.
.######.§...........# #.
.............##### #.
....§..........# ##.
###.###........# #.. ...
........>.# ....
####.##.###.##... ..... #
#.# #.##..####.#.. ...
..##..# ..#+#


You could see 2 orc priests and 2 orcs.

Vanquished Creatures
  A scorpion (D:4)
  An orc wizard (D:4)
  An orc priest (D:3)
  2 worker ants
  Robin (D:4)
  2 adders
  4 gnolls (D:4)
  3 worms
  A dart slug (D:2)
  2 leopard geckos
  7 orcs
  A ball python (D:2)
  4 giant cockroaches
  10 goblins
  14 hobgoblins
  2 quokkas
  8 bats
  3 frilled lizards
  3 kobolds
  5 rats
75 creatures vanquished.

Notes
Turn   | Place    | Note
-------+----------+-------------------------------------------
     0 | D:1      | AarnesTheHuman the Barachi Fighter began the quest for the
                  | Orb.
     0 | D:1      | Reached XP level 1. HP: 18/18 MP: 1/1
   176 | D:1      | Reached XP level 2. HP: 24/25 MP: 2/2
   674 | D:2      | Reached XP level 3. HP: 26/30 MP: 3/3
   976 | D:2      | Reached XP level 4. HP: 36/38 MP: 4/4
  1187 | D:2      | Found a stormy altar of Qazlal.
  1540 | D:3      | Reached XP level 5. HP: 43/43 MP: 5/5
  1690 | D:3      | Noticed Grinder
  1767 | D:4      | Noticed Robin
  1777 | D:4      | Killed Robin
  2076 | D:4      | Reached skill level 5 in Fighting
  2212 | D:4      | Reached skill level 5 in Armour
  2212 | D:4      | Reached XP level 6. HP: 32/51 MP: 6/6
  2542 | D:4      | Killed from afar by an orc priest

Skill      XL: |  1  2  3  4  5 |
---------------+----------------+-----
Fighting       | 4 5 |  5.2
Armour         | 4 5 |  5.2
Long Blades    | 3 4 |  4.4
Shields        | 4 |  4.7

Action                   |  1- 3 |  4- 6 || total
-------------------------+-------+-------++-------
Melee: Long sword        |    90 |   172 ||   262
 Abil: Hop               |       |     1 ||     1
  Use: Potion            |     2 |     1 ||     3
  Eat: Chunk             |       |     7 ||     7
Armor: Scale mail        |    45 |    65 ||   110
Dodge: Dodged            |    32 |    44 ||    76
Block: Shield            |    47 |    93 ||   140
       Rpst.: Long sword |     8 |    10 ||    18
